 Dungeon Crawl Stone Soup version 0.30-a0-772-g5528072125 (webtiles) character file.

Game seed: 2860106406499891715

399 dohliylev the Ruffian (level 6, -6/91 HPs)
             Began as a Troll Berserker on Feb 12, 2023.
             Was an Elder of Trog.
             Mangled by a gnoll bouda
             ... wielding a +0 club
              (11 damage)
             ... on level 5 of the Dungeon.
             The game lasted 00:11:12 (2840 turns).

dohliylev the Ruffian (Troll Berserker)             Turns: 2840, Time: 00:11:12

Health: -6/91      AC:  0    Str: 28    XL:     6   Next: 54%
Magic:  5/5        EV: 10    Int:  3    God:    Trog [****..]
Gold:   272        SH:  0    Dex:  9    Spells: 5/5 levels left

rFire   + . .      SeeInvis .      - Unarmed
rCold   + . .      Faith    .    (no shield)
rNeg    . . .      Spirit   .    a - +0 animal skin
rPois   .          Reflect  .    (helmet restricted)
rElec   .          Harm     .    (no cloak)
rCorr   .          Rampage  .    (gloves unavailable)
Will    ++...                    (boots unavailable) Stlth
                                 n - amulet of the acrobat
HPRegen 2.15/turn                b - ring of protection from fire
MPRegen 0.09/turn                e - ring of protection from cold

@: berserking, weakened, strong-willed (expiring), corroded, regenerating
(expiring), very quick
A: large, unfitting armour, claws 3, regeneration 1, shaggy fur 1, tough skin 1
a: Renounce Religion, Berserk, Trog's Hand, Brothers in Arms


You were on level 5 of the Dungeon.
You worshipped Trog.
Trog was greatly pleased with you.
You visited 1 branch of the dungeon, and saw 5 of its levels.
You also visited: Sewer.

You collected 272 gold pieces.

Inventory:

Missiles
 l - 4 large rocks
 p - 3 poisoned darts (quivered)
Armour
 a - a +0 animal skin (worn)
Jewellery
 b - a ring of protection from fire (left claw)
 e - a ring of protection from cold (right claw)
 n - an amulet of the acrobat (around neck)
Wands
 h - a wand of charming (8)
Scrolls
 f - 4 scrolls of teleportation
 k - a scroll of butterflies
 r - a scroll of enchant armour
Potions
 d - a potion of magic {unknown}
 g - 3 potions of curing
 i - a potion of might {unknown}
 j - 2 potions of heal wounds {unknown}
 o - 2 potions of cancellation {unknown}
 q - 3 potions of haste {unknown}
 s - 2 potions of brilliance {unknown}
 u - a potion of flight {unknown}
 w - 2 potions of attraction {unknown}


   Skills:
 + Level 3.1 Fighting
 + Level 2.3 Throwing
 + Level 3.6 Dodging
 + Level 5.5 Unarmed Combat


You had 5 spell levels left.
You didn't know any spells.
Your spell library was empty.

Dungeon Overview and Level Annotations

Branches:
Dungeon (5/15)             Temple (0/1) D:4           Sewer (visited)

Altars:
Dithmenos
Elyvilon
Okawaru
Trog
Yredelemnul

Annotations:
D:5 1 transporter


Innate Abilities, Weirdness & Mutations

You are too large for most types of armour.
You have claws for hands.
Your natural rate of healing is unusually fast.
You are covered in fur. (AC +1)
You have tough skin. (AC +1)


Message History

You feel yourself moving faster!
You feel mighty!
The gnoll hits you from afar with a +0 halberd.
The gnoll barely misses you.
The gnoll bouda hits you with a +0 club!
The gnoll hits you from afar with a +0 spear.
* * * LOW HITPOINT WARNING * * *
You claw the gnoll bouda!
The gnoll bouda is almost dead.
You barely miss the gnoll bouda.
The gnoll bouda is almost dead.
The jelly hits you. The acid corrodes you!
You are splashed with acid!
* * * LOW HITPOINT WARNING * * *
The gnoll hits you from afar with a +0 halberd.
* * * LOW HITPOINT WARNING * * *
The gnoll hits you from afar with a +0 spear!
* * * LOW HITPOINT WARNING * * *
The gnoll bouda barks out a call to the hunt!
The gnolls pick up the pace!
The gnoll barely misses you.
You mangle the jelly!!
You kill the jelly!
Trog accepts your kill.
The gnoll hits you from afar with a +0 spear.
* * * LOW HITPOINT WARNING * * *
The gnoll hits you from afar with a +0 halberd.
* * * LOW HITPOINT WARNING * * *
The gnoll bouda utters an invocation to its god.
The gnoll bouda is healed somewhat.
You are too berserk!
You claw the gnoll bouda!
The gnoll bouda is almost dead.
You feel the effects of Trog's Hand fading.
The gnoll hits you from afar with a +0 spear.
* * * LOW HITPOINT WARNING * * *
You closely miss the gnoll bouda.
The gnoll bouda is almost dead.
The gnoll bouda gazes fiercely through you!
You feel as though you will be weak longer.
The gnoll bouda hits you with a +0 club!
You die...

)'.....#.#.........(#############
##...............................
.'.......#...##############?#####
##.....####...........[..........
#.....# #.#########.###########
#.....# #.##................
#..##### ##...#####..........
####~~~~~ ##ggh.##..#.#######
~....~##..#@##.##.#8~#o5o
#.g'...#g##.##.#P.#≈≈≈
#..'gg.gg##.#..#$.#..P
~....~##.#'###...©#©$+..~ ~~~~g~
#.......#..#$.#..~ #####
#....##.##.#P.#≈≈≈
#....##..#.#8~#5..
#....###...####### .......
..........


You could see a black bear, a gnoll bouda and 4 gnolls.

Vanquished Creatures
  3 jellies
  An orc wizard (D:4)
  2 gnolls (D:4)
  10 adders
  2 river rats (D:4)
  3 worms
  3 dart slugs
  14 orcs
  19 endoplasms
  7 giant cockroaches
  8 goblins
  7 hobgoblins
  10 jackals
  4 kobolds
  3 quokkas
  13 ball pythons
  8 bats
  6 frilled lizards
  4 rats
127 creatures vanquished.

Notes
Turn   | Place    | Note
-------+----------+-------------------------------------------
     0 | D:1      | dohliylev the Troll Berserker began the quest for the Orb.
     0 | D:1      | Reached XP level 1. HP: 22/22 MP: 0/0
    63 | D:1      | Reached XP level 2. HP: 28/29 MP: 1/1
   241 | D:1      | Reached ** piety under Trog
   245 | D:1      | Reached XP level 3. HP: 36/36 MP: 2/2
   695 | D:2      | Reached skill level 1 in Throwing
   695 | D:2      | Reached XP level 4. HP: 38/44 MP: 3/3
   724 | D:2      | Found a basalt altar of Yredelemnul.
  1143 | D:3      | Reached skill level 4 in Unarmed Combat
  1225 | D:3      | Reached *** piety under Trog
  1260 | D:3      | Found an iron altar of Okawaru.
  1316 | D:3      | Found a faded altar of an unknown god.
  1534 | D:3      | Identified the +1 ring mail "Jaus" {Drain Fly rCorr MP-9}
  1579 | D:3      | Reached XP level 5. HP: 52/52 MP: 4/4
  1668 | D:4      | Found a staircase to the Ecumenical Temple.
  1701 | D:4      | Found a glowing drain.
  1710 | Sewer    | Entered a sewer
  1876 | Sewer    | Reached skill level 5 in Unarmed Combat
  1876 | Sewer    | Reached XP level 6. HP: 47/61 MP: 5/5
  1893 | Sewer    | Found a viscous altar of Jiyva.
  2178 | D:4      | Found a white marble altar of Elyvilon.
  2257 | D:4      | Found a bloodstained altar of Trog.
  2478 | D:4      | Reached **** piety under Trog
  2484 | D:4      | Found a shadowy altar of Dithmenos.
  2572 | D:5      | Entered Level 5 of the Dungeon
  2798 | D:5      | Found a transporter.
  2838 | D:5      | HP: 4/91 [gnoll/+0 halberd[a gnoll bouda] (3)]
  2840 | D:5      | Mangled by a gnoll bouda

Illustrated notes

Levels and vault maps discovered:
D:1:      sevenhm_arrival_forest_fort_large_4, layout_rooms,
          dreamdust_wishing_well, hangedman_decor_push
D:2:      layout_rooms, basic_altar
D:3:      layout_basic, nicolae_overflow_crystal_walls, basic_ecumenical_altar
D:4:      layout_rooms, marbit_many_paths, mainiacjoe_overflow_six_doors_small,
          trog_three_pillars_becter, minmay_temple_entry_arrows,
          cheibrodos_sewer_entry_sluice, kennysheep_crisscross,
          nicolae_figureground_pulse
D:5:      gammafunk_wand_slinger, layout_basic,
          grunt_temple_overflow_gold_and_silver, kennysheep_generic_room_15

Skill      XL: |  1  2  3  4  5 |
---------------+----------------+-----
Throwing       | 1 2 |  2.3
Dodging        | 3 |  3.6
Unarmed Combat | 4 5 |  5.5
Fighting       | 3 |  3.1

Action                     |  1- 3 |  4- 6 || total
---------------------------+-------+-------++-------
  Melee: Unarmed           |    65 |   227 ||   292
         Punch             |     1 |     6 ||     7
  Throw: Boomerang         |    38 |    15 ||    53
         Large rock        |       |     5 ||     5
         Dart              |       |     7 ||     7
 Invoke: Berserk           |       |     3 ||     3
         Trog's Hand       |       |     1 ||     1
    Use: Scroll            |       |     9 ||     9
   Stab: Sleeping          |       |     3 ||     3
 Armour: Animal skin       |    32 |    74 ||   106
  Dodge: Dodged            |    37 |   131 ||   168

Table legend: (Time is in decaauts)
 A = Elapsed time spent in this place.
 B = Non-inter-level travel time spent in this place.
 C = Inter-level travel time spent in this place.
 D = Time resting spent in this place.
 E = Time spent auto-exploring this place.
 F = Levels seen in this place.
 G = Mean time per level.
                   A        B        C        D        E       F      G
               +--------+--------+--------+--------+--------+-----+--------+
         Total |   2845 |   2747 |     98 |     45 |   1744 |   6 |  474.2 |
       Dungeon |   2564 |   2466 |     98 |     34 |   1692 |   5 |  512.8 |
         Sewer |    280 |    280 |      0 |     11 |     52 |   1 |  280.0 |
               +--------+--------+--------+--------+--------+-----+--------+

Top non-repeatable levels by time:
     D:4: 665 daAuts
     D:1: 624 daAuts
     D:3: 565 daAuts
     D:2: 446 daAuts
   Sewer: 280 daAuts
     D:5: 263 daAuts
